Blackhawks vs Wild
Created - 4 décembre 2013 at 19:17
Goals
|
| Blackhawks |
0 |
1 |
1 |
0 |
2 |
| Wild |
1 |
1 |
0 |
1 |
3 |
|
Shots
|
| Blackhawks |
11 |
6 |
13 |
0 |
30 |
| Wild |
10 |
6 |
5 |
1 |
22 |
|
1st period
1. Wild , Fredrik Modin 4 (Fedor Tyutin, Glen Metropolit) at 19:06
Penalties :
Brad Ference (Chi) for Hooking (Minor) at 2:30, Colby Armstrong (Chi) for Interference (Minor) at 16:53
2nd period
2. Wild , Anson Carter 6 (Vaclav Prospal, Niclas Wallin) at 1:40
3. Blackhawks , Scott Gomez 9 (Brad Ference) at 12:47
Penalties :
Nathan Dempsey (Min) for Roughing (Minor) at 1:47, Christian Ehrhoff (Chi) for Interference (Minor) at 5:56, Joe Sakic (Chi) for Slashing (Minor) at 14:12
3rd period
4. Blackhawks , Scott Gomez 10 (Brad Ference) at 15:44
Penalties :
Sergei Shirokov (Chi) for High sticking (Double Minor) at 0:22, Alexei Kovalev (Min) for Hooking (Minor) at 18:21, Stephane Robidas (Chi) for Holding (Minor) at 18:21
Overtime #1
5. Wild , Rod Brind'Amour 7 (Mark Eaton) at 2:09
Penalties :
No Penalty
Goalie Stats
Roberto Luongo (Chi), 19 saves from 22 shots - (0,864), OTL, 8-7-2, 62:09 minutes
Martin Brodeur (Min), 28 saves from 30 shots - (0,933), W, 14-5-0, 62:09 minutes
Players Stats for Blackhawks
Player Name G A P +/- PIM S H SB GA TA FO MP PP MP PK MP
------------------------------------------------------------------------------------
Brad Ference 0 2 2 1 2 1 1 1 0 2 0/0 14:59 0:58 1:21
Chris Gratton 0 0 0 0 0 0 1 0 1 0 1/1 8:00 0:00 0:32
Christian Ehrhoff 0 0 0 -2 2 1 0 1 0 0 0/0 19:51 0:58 4:27
Colby Armstrong 0 0 0 0 2 1 0 0 0 0 0/0 11:13 0:00 3:54
Daniel Carcillo 0 0 0 0 0 4 2 0 1 1 0/0 14:20 0:00 5:05
George Parros 0 0 0 0 0 2 0 0 1 1 0/0 9:07 0:00 0:00
Hnat Domenichelli 0 0 0 0 0 1 3 0 0 0 0/0 8:46 0:00 1:25
Joe Sakic 0 0 0 -1 2 2 1 0 0 0 5/11 16:52 1:07 0:00
Jordan Staal 0 0 0 0 0 2 0 3 1 0 3/10 14:15 0:00 4:43
Kris Versteeg 0 0 0 1 0 6 2 0 1 0 0/2 17:58 1:07 0:24
Kristopher Letang 0 0 0 -1 0 0 1 1 0 0 0/0 21:38 1:01 5:08
Loui Eriksson 0 0 0 -1 0 1 1 0 1 1 0/1 17:37 0:52 2:50
Rene Bourque 0 0 0 0 0 0 2 0 0 0 0/1 16:27 1:07 0:00
Scott Gomez 2 0 2 0 0 5 0 1 0 1 19/25 20:45 0:52 4:57
Sergei Shirokov 0 0 0 -1 4 2 1 0 0 1 0/0 15:21 0:52 0:00
Stephane Robidas 0 0 0 -1 2 0 3 0 0 1 0/0 22:54 1:01 0:40
Steve McCarthy 0 0 0 -1 0 1 2 2 1 0 0/0 26:13 0:00 6:07
Wes O'Neill 0 0 0 2 0 1 1 2 0 1 0/0 18:48 0:00 6:07
Players Stats for Wild
Player Name G A P +/- PIM S H SB GA TA FO MP PP MP PK MP
------------------------------------------------------------------------------------
Alexei Kovalev 0 0 0 -1 2 1 2 0 0 0 0/0 19:52 5:17 0:00
Anson Carter 1 0 1 1 0 2 1 0 0 0 0/0 11:59 1:10 0:31
Brian Rolston 0 0 0 0 0 3 1 0 2 0 0/0 16:27 5:12 0:58
Chris Drury 0 0 0 -1 0 0 1 1 0 0 10/25 21:49 5:17 0:23
Chris Higgins 0 0 0 0 0 0 1 0 0 1 0/0 14:13 1:46 0:45
Fedor Tyutin 0 1 1 0 0 2 2 3 0 0 0/0 19:29 5:44 1:07
Fredrik Modin 1 0 1 1 0 2 2 0 2 0 0/0 10:06 0:00 0:07
Glen Metropolit 0 1 1 1 0 0 0 0 0 0 3/4 10:05 0:00 0:12
Jonathan Rheault 0 0 0 1 0 0 2 0 0 0 0/0 9:53 0:00 0:00
Jozef Stumpel 0 0 0 0 0 1 1 0 0 2 0/1 17:38 5:58 0:00
Mark Eaton 0 1 1 2 0 2 1 0 1 1 0/0 16:04 0:00 1:07
Mike Green 0 0 0 -1 0 1 3 1 1 1 0/0 27:43 6:11 0:52
Nathan Dempsey 0 0 0 -1 2 1 1 1 1 1 0/0 27:12 6:11 0:00
Niclas Wallin 0 1 1 3 0 0 1 0 0 0 0/0 21:01 5:44 0:52
R.J. Umberger 0 0 0 -1 0 1 2 0 1 0 0/0 18:57 4:27 0:00
Rod Brind'Amour 1 0 1 1 0 4 0 1 1 1 8/12 13:13 1:20 1:02
Shane Hnidy 0 0 0 -1 0 1 2 1 0 0 0/0 12:54 0:00 0:00
Vaclav Prospal 0 1 1 0 0 1 0 1 0 0 2/9 16:28 5:18 0:00
3 Stars
1 - Scott Gomez (Chi)
2 - Fredrik Modin (Min)
3 - Niclas Wallin (Min)
Power Play
Blackhawks - 0 on 1 Attempt(s) - 0,00%
Wild - 0 on 6 Attempt(s) - 0,00%
Penalty Kill
Blackhawks - 6 on 6 Attempt(s) - 100,00%
- Score 0 goal in Penalty Kill
Wild - 1 on 1 Attempt(s) - 100,00%
- Score 0 goal in Penalty Kill
Official
Referees : O'Rourke Dan and Hasenfratz Mike
Linesman : Steve Miller and Jay Sharrers
Game Notes
No Game Note
Finance
Level 1 -- Attendance: 3597 (59,95%) -- Ticket Income 449 625 $
Level 2 -- Attendance: 2915 (58,30%) -- Ticket Income 218 625 $
Level 3 -- Attendance: 999 (49,95%) -- Ticket Income 49 950 $
Level 4 -- Attendance: 1723 (43,08%) -- Ticket Income 68 920 $
Luxury Box -- Attendance: 573 (57,30%) -- Ticket Income 143 250 $
Game was played at the Forest Center
Total Attendance: 9807 (54,48%)
Total Ticket Income: 930 370 $
Other Income: 139 556 $
Total Income: 1 069 926 $
Blackhawks
5 vs 5 Forward
Center Left Wing Right Wing Time % Phy DF OF
1 Scott Gomez Kris Versteeg Rene Bourque 40 1 2 2
2 Joe Sakic Loui Eriksson Sergei Shirokov 30 1 2 2
3 Jordan Staal Daniel Carcillo George Parros 20 1 2 2
4 Chris Gratton Hnat Domenichelli Colby Armstrong 10 1 2 2
5 vs 5 Defense
Defense Defense Time % Phy DF OF
1 Stephane Robidas Steve McCarthy 40 1 2 2
2 Christian Ehrhoff Kristopher Letang 30 1 2 2
3 Brad Ference Wes O'Neill 20 1 2 2
4 Stephane Robidas Steve McCarthy 10 1 2 2
PowerPlay Forward
Center Left Wing Right Wing Time % Phy DF OF
1 Joe Sakic Kris Versteeg Rene Bourque 60 1 1 3
2 Scott Gomez Loui Eriksson Sergei Shirokov 40 1 1 3
PowerPlay Defense
Defense Defense Time % Phy DF OF
1 Stephane Robidas Kristopher Letang 60 1 1 3
2 Brad Ference Christian Ehrhoff 40 1 1 3
Penalty Kill 4 Players Forward
Center Wing Time % Phy DF OF
1 Scott Gomez Colby Armstrong 60 1 3 1
2 Jordan Staal Daniel Carcillo 40 1 3 1
Penalty Kill 4 Players Defense
Defense Defense Time % Phy DF OF
1 Wes O'Neill Steve McCarthy 60 1 4 0
2 Christian Ehrhoff Kristopher Letang 40 1 4 0
Penalty Kill - 3 Players Forward
Forward Time % Phy DF OF
1 Joe Sakic 60 1 2 2
2 George Parros 40 1 2 2
Penalty Kill - 3 Players Defense
Defense Defense Time % Phy DF OF
1 Wes O'Neill Steve McCarthy 60 1 2 2
2 Kristopher Letang Christian Ehrhoff 40 1 2 2
4 vs 4 Forward
Center Wing Time % Phy DF OF
1 Joe Sakic Kris Versteeg 60 1 2 2
2 Scott Gomez Rene Bourque 40 1 2 2
4 vs 4 Defense
Defense Defense Time % Phy DF OF
1 Stephane Robidas Kristopher Letang 60 1 2 2
2 Brad Ference Christian Ehrhoff 40 1 2 2
Last Minutes Offensive
Center Left Wing Right Wing Defense Defense
Joe Sakic Kris Versteeg Rene Bourque Stephane Robidas Kristopher Letang
Last Minutes Defensive
Center Left Wing Right Wing Defense Defense
Scott Gomez Kris Versteeg Colby Armstrong Wes O'Neill Christian Ehrhoff
Goaltenders
Starting : Roberto Luongo
Backup : Jocelyn Thibault
Extra Forwards
Normal : Sergei Shirokov, Jordan Staal, Loui Eriksson - PP : Colby Armstrong, Jordan Staal - PK : Loui Eriksson
Extra Defensemen
Normal : Wes O'Neill, Kristopher Letang, Christian Ehrhoff - PP : Kristopher Letang - PK : Wes O'Neill, Christian Ehrhoff
Penalty Shots
Joe Sakic, Loui Eriksson, Kris Versteeg, Scott Gomez, Sergei Shirokov
Wild
5 vs 5 Forward
Center Left Wing Right Wing Time % Phy DF OF
1 Chris Drury R.J. Umberger Alexei Kovalev 40 0 1 4
2 Vaclav Prospal Jozef Stumpel Anson Carter 30 1 0 4
3 Rod Brind'Amour Chris Higgins Brian Rolston 20 1 1 3
4 Glen Metropolit Fredrik Modin Jonathan Rheault 10 2 1 2
5 vs 5 Defense
Defense Defense Time % Phy DF OF
1 Mike Green Nathan Dempsey 40 1 3 1
2 Mark Eaton Niclas Wallin 30 1 3 1
3 Shane Hnidy Fedor Tyutin 20 1 3 1
4 Mike Green Nathan Dempsey 10 1 3 1
PowerPlay Forward
Center Left Wing Right Wing Time % Phy DF OF
1 Chris Drury Jozef Stumpel Alexei Kovalev 60 0 0 5
2 Vaclav Prospal R.J. Umberger Brian Rolston 40 0 0 5
PowerPlay Defense
Defense Defense Time % Phy DF OF
1 Mike Green Nathan Dempsey 60 0 2 3
2 Fedor Tyutin Niclas Wallin 40 0 2 3
Penalty Kill 4 Players Forward
Center Wing Time % Phy DF OF
1 Rod Brind'Amour Brian Rolston 60 2 3 0
2 Glen Metropolit Chris Higgins 40 2 3 0
Penalty Kill 4 Players Defense
Defense Defense Time % Phy DF OF
1 Fedor Tyutin Nathan Dempsey 60 2 3 0
2 Mark Eaton Shane Hnidy 40 2 3 0
Penalty Kill - 3 Players Forward
Forward Time % Phy DF OF
1 Rod Brind'Amour 60 1 4 0
2 Glen Metropolit 40 1 4 0
Penalty Kill - 3 Players Defense
Defense Defense Time % Phy DF OF
1 Mark Eaton Niclas Wallin 60 1 4 0
2 Shane Hnidy Fedor Tyutin 40 1 4 0
4 vs 4 Forward
Center Wing Time % Phy DF OF
1 Chris Drury Jozef Stumpel 60 1 1 3
2 Vaclav Prospal Alexei Kovalev 40 1 1 3
4 vs 4 Defense
Defense Defense Time % Phy DF OF
1 Mike Green Nathan Dempsey 60 1 3 1
2 Mark Eaton Niclas Wallin 40 1 3 1
Last Minutes Offensive
Center Left Wing Right Wing Defense Defense
Chris Drury Jozef Stumpel Alexei Kovalev Mike Green Nathan Dempsey
Last Minutes Defensive
Center Left Wing Right Wing Defense Defense
Rod Brind'Amour Glen Metropolit Brian Rolston Mark Eaton Fedor Tyutin
Goaltenders
Starting : Martin Brodeur
Backup : Julien Ellis
Extra Forwards
Normal : Chris Higgins, Rod Brind'Amour, Anson Carter - PP : Chris Higgins, Rod Brind'Amour - PK : Anson Carter
Extra Defensemen
Normal : Mike Green, Nathan Dempsey, Mark Eaton - PP : Mike Green - PK : Mark Eaton, Fedor Tyutin
Penalty Shots
Chris Drury, Jozef Stumpel, Vaclav Prospal, Alexei Kovalev, R.J. Umberger
% Time on Ice - Blackhawks
Lines # - Real PCT - Wanted PCT - Time Play
Normal Forward
1 - 33% - 40% - 14:31
2 - 31% - 30% - 13:34
3 - 21% - 20% - 9:07
4 - 16% - 10% - 7:16
Normal Defense
1 - 43% - 40% - 18:54
2 - 30% - 30% - 13:26
3 - 22% - 20% - 9:54
4 - 5% - 10% - 2:14
PP Forward
1 - 56% - 60% - 1:07
2 - 44% - 40% - 0:52
PP Defense
1 - 51% - 60% - 1:01
2 - 49% - 40% - 0:58
PK Forward
1 - 76% - 60% - 9:05
2 - 24% - 40% - 2:50
PK Defense
1 - 57% - 60% - 6:44
2 - 43% - 40% - 5:11
PK3 Forward
1 - 0% - 60%
2 - 0% - 40%
PK3 Defense
1 - 0% - 60%
2 - 0% - 40%
44 Forward
1 - 73% - 60% - 2:46
2 - 27% - 40% - 1:01
44 Defense
1 - 60% - 60% - 2:17
2 - 40% - 40% - 1:30
Last Minute Offensive - 0:00
Last Minute Defensive - 0:00
Total
Forward - 62:09
Defense - 62:09
|
% Time on Ice - Wild
Lines # - Real PCT - Wanted PCT - Time Play
Normal Forward
1 - 32% - 40% - 14:09
2 - 23% - 30% - 10:17
3 - 23% - 20% - 10:09
4 - 22% - 10% - 9:53
Normal Defense
1 - 39% - 40% - 17:26
2 - 32% - 30% - 14:13
3 - 27% - 20% - 12:05
4 - 2% - 10% - 0:44
PP Forward
1 - 56% - 60% - 6:37
2 - 44% - 40% - 5:18
PP Defense
1 - 52% - 60% - 6:11
2 - 48% - 40% - 5:44
PK Forward
1 - 90% - 60% - 1:47
2 - 10% - 40% - 0:12
PK Defense
1 - 100% - 60% - 1:59
2 - 0% - 40% - 0:00
PK3 Forward
1 - 0% - 60%
2 - 0% - 40%
PK3 Defense
1 - 0% - 60%
2 - 0% - 40%
44 Forward
1 - 77% - 60% - 2:54
2 - 23% - 40% - 0:53
44 Defense
1 - 66% - 60% - 2:30
2 - 34% - 40% - 1:17
Last Minute Offensive - 0:00
Last Minute Defensive - 0:00
Total
Forward - 62:09
Defense - 62:09
|
Play by Play
1st period
0:01 of 1st period - Scott Gomez wins face-off versus Chris Drury in neutral zone.
0:06 of 1st period - Mike Green is hit by Rene Bourque and loses puck.
0:33 of 1st period - Snap shot by Vaclav Prospal.
0:33 of 1st period - Stopped by Roberto Luongo with a rebound.
0:55 of 1st period - Glen Metropolit is hit by Stephane Robidas and loses puck.
1:36 of 1st period - Wrist shot by Chris Gratton.
1:36 of 1st period - Shot Blocked by Fedor Tyutin.
1:40 of 1st period - Slapshot by Colby Armstrong.
1:40 of 1st period - Shot Blocked by Fedor Tyutin.
1:44 of 1st period - Snap shot by Colby Armstrong.
1:44 of 1st period - Shot Blocked by Vaclav Prospal.
1:46 of 1st period - Slapshot by Christian Ehrhoff.
1:46 of 1st period - Shot Blocked by Shane Hnidy.
2:19 of 1st period - Snap shot by Chris Drury.
2:19 of 1st period - Shot Blocked by Jordan Staal.
2:21 of 1st period - Slapshot by Fedor Tyutin.
2:21 of 1st period - Deflect By Jordan Staal.
2:21 of 1st period - Stopped by Roberto Luongo with a rebound.
2:23 of 1st period - Slapshot by Fedor Tyutin.
2:23 of 1st period - Stopped by Roberto Luongo with a rebound.
2:25 of 1st period - Slapshot by Shane Hnidy.
2:25 of 1st period - Stopped by Roberto Luongo without a rebound.
2:26 of 1st period - Chris Drury wins face-off versus Scott Gomez in Blackhawks zone.
2:30 of 1st period - Minor Penalty to Brad Ference for Hooking.
2:31 of 1st period - Chris Drury wins face-off versus Scott Gomez in Blackhawks zone.
2:32 of 1st period - Snap shot by Jozef Stumpel.
2:32 of 1st period - Stopped by Roberto Luongo with a rebound.
3:29 of 1st period - Kristopher Letang is hit by Fedor Tyutin.
4:30 of 1st period - Penalty to Brad Ference is over, Brad Ference is back on ice.
4:37 of 1st period - R.J. Umberger is hit by Wes O'Neill and loses puck.
5:18 of 1st period - Snap shot by Colby Armstrong.
5:18 of 1st period - Stopped by Martin Brodeur without a rebound.
5:19 of 1st period - Chris Gratton wins face-off versus Rod Brind'Amour in Wild zone.
5:28 of 1st period - Chris Gratton is hit by Mike Green.
5:53 of 1st period - Slapshot by Scott Gomez.
5:53 of 1st period - Stopped by Martin Brodeur without a rebound.
5:54 of 1st period - Scott Gomez wins face-off versus Vaclav Prospal in Wild zone.
6:35 of 1st period - Wrist shot by Daniel Carcillo.
6:35 of 1st period - Deflect By Jordan Staal.
6:35 of 1st period - Shot Misses the Net.
6:35 of 1st period - Puck is out of play.
6:36 of 1st period - Rod Brind'Amour wins face-off versus Jordan Staal in Wild zone.
6:40 of 1st period - Off-side.
6:41 of 1st period - Chris Drury wins face-off versus Jordan Staal in neutral zone.
7:08 of 1st period - Snap shot by Christian Ehrhoff.
7:08 of 1st period - Stopped by Martin Brodeur with a rebound.
7:10 of 1st period - Snap shot by Kristopher Letang.
7:10 of 1st period - Shot Blocked by Chris Drury.
7:12 of 1st period - Snap shot by Daniel Carcillo.
7:12 of 1st period - Stopped by Martin Brodeur without a rebound.
7:13 of 1st period - Scott Gomez wins face-off versus Vaclav Prospal in Wild zone.
7:16 of 1st period - Wrist shot by Scott Gomez.
7:16 of 1st period - Shot Misses the Net.
7:18 of 1st period - Wrist shot by Scott Gomez.
7:18 of 1st period - Shot Misses the Net.
7:20 of 1st period - Snap shot by Kris Versteeg.
7:20 of 1st period - Stopped by Martin Brodeur with a rebound.
7:22 of 1st period - Slapshot by Scott Gomez.
7:22 of 1st period - Stopped by Martin Brodeur with a rebound.
7:40 of 1st period - Wes O'Neill is hit by Brian Rolston.
8:31 of 1st period - Wrist shot by George Parros.
8:31 of 1st period - Stopped by Martin Brodeur with a rebound.
8:33 of 1st period - Snap shot by Wes O'Neill.
8:33 of 1st period - Stopped by Martin Brodeur without a rebound.
8:34 of 1st period - Scott Gomez wins face-off versus Vaclav Prospal in Wild zone.
8:37 of 1st period - Slapshot by Kris Versteeg.
8:37 of 1st period - Stopped by Martin Brodeur without a rebound.
8:38 of 1st period - Scott Gomez wins face-off versus Jozef Stumpel in Wild zone.
9:53 of 1st period - Chris Higgins is hit by Kris Versteeg and loses puck.
11:08 of 1st period - Wrist shot by Brian Rolston.
11:08 of 1st period - Shot Misses the Net.
11:14 of 1st period - Wrist shot by Rod Brind'Amour.
11:14 of 1st period - Stopped by Roberto Luongo with a rebound.
11:16 of 1st period - Slapshot by Mark Eaton.
11:16 of 1st period - Stopped by Roberto Luongo with a rebound.
11:47 of 1st period - Wes O'Neill is hit by R.J. Umberger and loses puck.
12:00 of 1st period - Wrist shot by Chris Drury.
12:00 of 1st period - Deflect By Colby Armstrong.
12:00 of 1st period - Shot Blocked by Brad Ference.
12:00 of 1st period - Puck is out of play.
12:01 of 1st period - Rod Brind'Amour wins face-off versus Rene Bourque in Blackhawks zone.
12:08 of 1st period - Scott Gomez is hit by Shane Hnidy and loses puck.
12:16 of 1st period - Icing by Shane Hnidy.
12:17 of 1st period - Rod Brind'Amour wins face-off versus Joe Sakic in Wild zone.
12:30 of 1st period - Chris Higgins is hit by Sergei Shirokov and loses puck.
13:25 of 1st period - Slapshot by Nathan Dempsey.
13:25 of 1st period - Deflect By Christian Ehrhoff.
13:25 of 1st period - Stopped by Roberto Luongo with a rebound.
14:05 of 1st period - Slapshot by Kris Versteeg.
14:05 of 1st period - Stopped by Martin Brodeur without a rebound.
14:06 of 1st period - Scott Gomez wins face-off versus Chris Drury in Wild zone.
15:26 of 1st period - Wrist shot by R.J. Umberger.
15:26 of 1st period - Stopped by Roberto Luongo with a rebound.
15:52 of 1st period - Fedor Tyutin is hit by Kris Versteeg and loses puck.
16:02 of 1st period - Off-side.
16:03 of 1st period - Joe Sakic wins face-off versus Vaclav Prospal in neutral zone.
16:16 of 1st period - Snap shot by Joe Sakic.
16:16 of 1st period - Shot Misses the Net.
16:35 of 1st period - Snap shot by George Parros.
16:35 of 1st period - Deflect By Daniel Carcillo.
16:35 of 1st period - Stopped by Martin Brodeur with a rebound.
16:37 of 1st period - Wrist shot by Wes O'Neill.
16:37 of 1st period - Shot Blocked by Mike Green.
16:53 of 1st period - Minor Penalty to Colby Armstrong for Interference.
16:54 of 1st period - Vaclav Prospal wins face-off versus Loui Eriksson in Blackhawks zone.
17:11 of 1st period - Loui Eriksson is hit by Chris Higgins and loses puck.
17:30 of 1st period - Snap shot by Jozef Stumpel.
17:30 of 1st period - Shot Blocked by Jordan Staal.
17:32 of 1st period - Snap shot by Rod Brind'Amour.
17:32 of 1st period - Shot Misses the Net.
18:53 of 1st period - Penalty to Colby Armstrong is over, Colby Armstrong is back on ice.
19:06 of 1st period - Slapshot by Fredrik Modin.
19:06 of 1st period - Goal by Fredrik Modin - Blackhawks : 0 - Wild : 1.
19:07 of 1st period - Chris Drury wins face-off versus Kris Versteeg in neutral zone.
19:10 of 1st period - Slapshot by Nathan Dempsey.
19:10 of 1st period - Shot Misses the Net.
19:12 of 1st period - Slapshot by Alexei Kovalev.
19:12 of 1st period - Shot Misses the Net.
19:14 of 1st period - Slapshot by Mike Green.
19:14 of 1st period - Shot Blocked by Scott Gomez.
19:32 of 1st period - Brad Ference is hit by Jozef Stumpel and loses puck.
19:55 of 1st period - Brian Rolston is hit by Chris Gratton and loses puck.
2nd period
0:01 of 2nd period - Scott Gomez wins face-off versus Vaclav Prospal in neutral zone.
1:01 of 2nd period - Slapshot by Fredrik Modin.
1:01 of 2nd period - Shot Blocked by Kristopher Letang.
1:17 of 2nd period - Jordan Staal is hit by Niclas Wallin and loses puck.
1:38 of 2nd period - Slapshot by Anson Carter.
1:38 of 2nd period - Stopped by Roberto Luongo with a rebound.
1:40 of 2nd period - Snap shot by Anson Carter.
1:40 of 2nd period - Goal by Anson Carter - Blackhawks : 0 - Wild : 2.
1:41 of 2nd period - Scott Gomez wins face-off versus Chris Drury in neutral zone.
1:47 of 2nd period - Minor Penalty to Nathan Dempsey for Roughing.
1:48 of 2nd period - Joe Sakic wins face-off versus Rod Brind'Amour in Wild zone.
1:57 of 2nd period - Snap shot by Joe Sakic.
1:57 of 2nd period - Stopped by Martin Brodeur with a rebound.
3:47 of 2nd period - Penalty to Nathan Dempsey is over, Nathan Dempsey is back on ice.
4:00 of 2nd period - Fedor Tyutin is hit by Stephane Robidas and loses puck.
4:05 of 2nd period - Slapshot by Jordan Staal.
4:05 of 2nd period - Stopped by Martin Brodeur with a rebound.
4:25 of 2nd period - Steve McCarthy is hit by Fredrik Modin and loses puck.
4:40 of 2nd period - Fredrik Modin is hit by Hnat Domenichelli.
5:27 of 2nd period - Kristopher Letang is hit by Mike Green and loses puck.
5:42 of 2nd period - Kristopher Letang is hit by Anson Carter and loses puck.
5:56 of 2nd period - Minor Penalty to Christian Ehrhoff for Interference.
5:57 of 2nd period - Jordan Staal wins face-off versus Chris Drury in Blackhawks zone.
6:28 of 2nd period - Snap shot by Vaclav Prospal.
6:28 of 2nd period - Shot Blocked by Steve McCarthy.
7:56 of 2nd period - Penalty to Christian Ehrhoff is over, Christian Ehrhoff is back on ice.
9:26 of 2nd period - Mark Eaton is hit by Daniel Carcillo and loses puck.
10:17 of 2nd period - Shane Hnidy is hit by Hnat Domenichelli and loses puck.
10:28 of 2nd period - Brad Ference is hit by Fredrik Modin and loses puck.
11:19 of 2nd period - Chris Higgins is hit by Loui Eriksson and loses puck.
12:24 of 2nd period - Snap shot by Joe Sakic.
12:24 of 2nd period - Deflect By Loui Eriksson.
12:24 of 2nd period - Shot Misses the Net.
12:24 of 2nd period - Puck is out of play.
12:25 of 2nd period - Chris Drury wins face-off versus Joe Sakic in Wild zone.
12:25 of 2nd period - Chris Drury is hit by Joe Sakic.
12:37 of 2nd period - Wrist shot by Joe Sakic.
12:37 of 2nd period - Stopped by Martin Brodeur without a rebound.
12:38 of 2nd period - Scott Gomez wins face-off versus Vaclav Prospal in Wild zone.
12:39 of 2nd period - Wrist shot by Kris Versteeg.
12:39 of 2nd period - Stopped by Martin Brodeur without a rebound.
12:40 of 2nd period - Vaclav Prospal wins face-off versus Scott Gomez in Wild zone.
12:47 of 2nd period - Slapshot by Scott Gomez.
12:47 of 2nd period - Goal by Scott Gomez - Blackhawks : 1 - Wild : 2.
12:48 of 2nd period - Scott Gomez wins face-off versus Chris Drury in neutral zone.
13:35 of 2nd period - Snap shot by Brian Rolston.
13:35 of 2nd period - Stopped by Roberto Luongo without a rebound.
13:36 of 2nd period - Rod Brind'Amour wins face-off versus Jordan Staal in Blackhawks zone.
13:43 of 2nd period - Wrist shot by Brian Rolston.
13:43 of 2nd period - Stopped by Roberto Luongo with a rebound.
13:45 of 2nd period - Snap shot by Rod Brind'Amour.
13:45 of 2nd period - Stopped by Roberto Luongo without a rebound.
13:46 of 2nd period - Scott Gomez wins face-off versus Chris Drury in Blackhawks zone.
14:12 of 2nd period - Minor Penalty to Joe Sakic for Slashing.
14:13 of 2nd period - Scott Gomez wins face-off versus Chris Drury in Blackhawks zone.
16:12 of 2nd period - Penalty to Joe Sakic is over, Joe Sakic is back on ice.
16:18 of 2nd period - Slapshot by Christian Ehrhoff.
16:18 of 2nd period - Deflect By Sergei Shirokov.
16:18 of 2nd period - Shot Blocked by Nathan Dempsey.
16:18 of 2nd period - Puck is out of play.
16:19 of 2nd period - Joe Sakic wins face-off versus Glen Metropolit in Wild zone.
16:32 of 2nd period - Loui Eriksson is hit by Jonathan Rheault and loses puck.
17:06 of 2nd period - Nathan Dempsey is hit by Hnat Domenichelli and loses puck.
17:15 of 2nd period - Snap shot by Hnat Domenichelli.
17:15 of 2nd period - Stopped by Martin Brodeur with a rebound.
17:44 of 2nd period - Snap shot by Alexei Kovalev.
17:44 of 2nd period - Shot Blocked by Wes O'Neill.
17:58 of 2nd period - Slapshot by Brian Rolston.
17:58 of 2nd period - Stopped by Roberto Luongo with a rebound.
18:14 of 2nd period - Brad Ference is hit by Jonathan Rheault and loses puck.
18:31 of 2nd period - Icing by Joe Sakic.
18:32 of 2nd period - Chris Drury wins face-off versus Joe Sakic in Blackhawks zone.
19:07 of 2nd period - Wrist shot by Daniel Carcillo.
19:07 of 2nd period - Shot Misses the Net.
19:27 of 2nd period - Stephane Robidas is hit by Fedor Tyutin and loses puck.
3rd period
0:01 of 3rd period - Scott Gomez wins face-off versus Chris Drury in neutral zone.
0:22 of 3rd period - Double Minor Penalty to Sergei Shirokov for High sticking.
0:23 of 3rd period - Scott Gomez wins face-off versus Chris Drury in Blackhawks zone.
0:34 of 3rd period - Slapshot by Mike Green.
0:34 of 3rd period - Stopped by Roberto Luongo with a rebound.
0:36 of 3rd period - Snap shot by Alexei Kovalev.
0:36 of 3rd period - Stopped by Roberto Luongo without a rebound.
0:37 of 3rd period - Scott Gomez wins face-off versus Chris Drury in Blackhawks zone.
0:52 of 3rd period - Snap shot by Alexei Kovalev.
0:52 of 3rd period - Shot Blocked by Wes O'Neill.
4:22 of 3rd period - Penalty to Sergei Shirokov is over, Sergei Shirokov is back on ice.
5:36 of 3rd period - Icing by Christian Ehrhoff.
5:37 of 3rd period - Glen Metropolit wins face-off versus Scott Gomez in Blackhawks zone.
5:38 of 3rd period - Snap shot by Fredrik Modin.
5:38 of 3rd period - Stopped by Roberto Luongo without a rebound.
5:39 of 3rd period - Glen Metropolit wins face-off versus Kris Versteeg in Blackhawks zone.
6:04 of 3rd period - Christian Ehrhoff is hit by Alexei Kovalev and loses puck.
6:27 of 3rd period - Wrist shot by Colby Armstrong.
6:27 of 3rd period - Shot Misses the Net.
6:35 of 3rd period - Slapshot by Mark Eaton.
6:35 of 3rd period - Deflect By Wes O'Neill.
6:35 of 3rd period - Stopped by Roberto Luongo without a rebound.
6:36 of 3rd period - Chris Drury wins face-off versus Scott Gomez in Blackhawks zone.
6:47 of 3rd period - Slapshot by Brad Ference.
6:47 of 3rd period - Stopped by Martin Brodeur without a rebound.
6:48 of 3rd period - Chris Drury wins face-off versus Scott Gomez in Wild zone.
7:01 of 3rd period - Scott Gomez is hit by R.J. Umberger and loses puck.
7:14 of 3rd period - Mike Green is hit by Stephane Robidas and loses puck.
7:43 of 3rd period - Snap shot by Daniel Carcillo.
7:43 of 3rd period - Stopped by Martin Brodeur with a rebound.
7:53 of 3rd period - Brad Ference is hit by Shane Hnidy.
8:39 of 3rd period - Wes O'Neill is hit by Mike Green.
8:53 of 3rd period - Wrist shot by Jordan Staal.
8:53 of 3rd period - Stopped by Martin Brodeur with a rebound.
8:55 of 3rd period - Snap shot by Daniel Carcillo.
8:55 of 3rd period - Deflect By Jordan Staal.
8:55 of 3rd period - Shot Blocked by Fedor Tyutin.
8:55 of 3rd period - Puck is out of play.
8:56 of 3rd period - Rod Brind'Amour wins face-off versus Jordan Staal in Wild zone.
9:20 of 3rd period - Chris Higgins is hit by Steve McCarthy and loses puck.
9:33 of 3rd period - Wrist shot by Brian Rolston.
9:33 of 3rd period - Shot Misses the Net.
9:35 of 3rd period - Wrist shot by Mike Green.
9:35 of 3rd period - Shot Blocked by Jordan Staal.
9:37 of 3rd period - Snap shot by Brian Rolston.
9:37 of 3rd period - Shot Misses the Net.
9:39 of 3rd period - Wrist shot by Nathan Dempsey.
9:39 of 3rd period - Shot Blocked by Steve McCarthy.
9:41 of 3rd period - Snap shot by Mike Green.
9:41 of 3rd period - Shot Misses the Net.
9:43 of 3rd period - Snap shot by Rod Brind'Amour.
9:43 of 3rd period - Stopped by Roberto Luongo without a rebound.
9:44 of 3rd period - Scott Gomez wins face-off versus Chris Drury in Blackhawks zone.
9:51 of 3rd period - Mark Eaton is hit by Kristopher Letang and loses puck.
10:02 of 3rd period - R.J. Umberger is hit by Rene Bourque and loses puck.
10:55 of 3rd period - Slapshot by Scott Gomez.
10:55 of 3rd period - Shot Misses the Net.
10:57 of 3rd period - Slapshot by Steve McCarthy.
10:57 of 3rd period - Deflect By Scott Gomez.
10:57 of 3rd period - Stopped by Martin Brodeur with a rebound.
10:59 of 3rd period - Slapshot by Kris Versteeg.
10:59 of 3rd period - Stopped by Martin Brodeur without a rebound.
11:00 of 3rd period - Scott Gomez wins face-off versus Chris Drury in Wild zone.
11:01 of 3rd period - Slapshot by Kris Versteeg.
11:01 of 3rd period - Shot Misses the Net.
11:04 of 3rd period - Icing by Fedor Tyutin.
11:05 of 3rd period - Scott Gomez wins face-off versus Chris Drury in Wild zone.
11:06 of 3rd period - Slapshot by Kris Versteeg.
11:06 of 3rd period - Stopped by Martin Brodeur with a rebound.
11:12 of 3rd period - Fedor Tyutin is hit by Steve McCarthy and loses puck.
11:31 of 3rd period - Snap shot by Loui Eriksson.
11:31 of 3rd period - Stopped by Martin Brodeur with a rebound.
11:33 of 3rd period - Slapshot by Stephane Robidas.
11:33 of 3rd period - Shot Misses the Net.
11:37 of 3rd period - Slapshot by Loui Eriksson.
11:37 of 3rd period - Shot Misses the Net.
11:39 of 3rd period - Slapshot by Steve McCarthy.
11:39 of 3rd period - Stopped by Martin Brodeur with a rebound.
11:41 of 3rd period - Snap shot by Sergei Shirokov.
11:41 of 3rd period - Shot Misses the Net.
12:34 of 3rd period - Wrist shot by Joe Sakic.
12:34 of 3rd period - Shot Misses the Net.
12:36 of 3rd period - Snap shot by Sergei Shirokov.
12:36 of 3rd period - Stopped by Martin Brodeur with a rebound.
12:38 of 3rd period - Snap shot by Brad Ference.
12:38 of 3rd period - Deflect By Loui Eriksson.
12:38 of 3rd period - Shot Hit the Post.
12:38 of 3rd period - Puck is out of play.
12:39 of 3rd period - Glen Metropolit wins face-off versus Joe Sakic in Wild zone.
14:34 of 3rd period - Snap shot by Mike Green.
14:34 of 3rd period - Deflect By Fredrik Modin.
14:34 of 3rd period - Shot Misses the Net.
14:34 of 3rd period - Puck is out of play.
14:35 of 3rd period - Scott Gomez wins face-off versus Chris Drury in Blackhawks zone.
14:35 of 3rd period - Scott Gomez is hit by Mark Eaton.
15:03 of 3rd period - Vaclav Prospal is hit by Daniel Carcillo and loses puck.
15:08 of 3rd period - Snap shot by George Parros.
15:08 of 3rd period - Stopped by Martin Brodeur without a rebound.
15:09 of 3rd period - Jordan Staal wins face-off versus Rod Brind'Amour in Wild zone.
15:16 of 3rd period - Slapshot by Daniel Carcillo.
15:16 of 3rd period - Stopped by Martin Brodeur without a rebound.
15:17 of 3rd period - Rod Brind'Amour wins face-off versus Jordan Staal in Wild zone.
15:44 of 3rd period - Snap shot by Scott Gomez.
15:44 of 3rd period - Goal by Scott Gomez - Blackhawks : 2 - Wild : 2.
15:45 of 3rd period - Rod Brind'Amour wins face-off versus Jordan Staal in neutral zone.
15:49 of 3rd period - Off-side.
15:50 of 3rd period - Rod Brind'Amour wins face-off versus Jordan Staal in neutral zone.
15:53 of 3rd period - Slapshot by Chris Higgins.
15:53 of 3rd period - Shot Misses the Net.
16:01 of 3rd period - Snap shot by Jordan Staal.
16:01 of 3rd period - Deflect By George Parros.
16:01 of 3rd period - Shot Misses the Net.
16:01 of 3rd period - Puck is out of play.
16:02 of 3rd period - Jordan Staal wins face-off versus Rod Brind'Amour in Wild zone.
16:13 of 3rd period - Wrist shot by Jordan Staal.
16:13 of 3rd period - Shot Misses the Net.
16:15 of 3rd period - Snap shot by Daniel Carcillo.
16:15 of 3rd period - Shot Misses the Net.
16:17 of 3rd period - Wrist shot by George Parros.
16:17 of 3rd period - Shot Blocked by Rod Brind'Amour.
16:52 of 3rd period - Christian Ehrhoff is hit by Chris Drury and loses puck.
17:11 of 3rd period - Snap shot by Sergei Shirokov.
17:11 of 3rd period - Stopped by Martin Brodeur without a rebound.
17:12 of 3rd period - Joe Sakic wins face-off versus Vaclav Prospal in Wild zone.
17:37 of 3rd period - Kristopher Letang is hit by Nathan Dempsey and loses puck.
18:21 of 3rd period - Minor Penalty to Alexei Kovalev for Hooking.
18:21 of 3rd period - Minor Penalty to Stephane Robidas for Holding.
18:22 of 3rd period - Joe Sakic wins face-off versus Chris Drury in Wild zone.
19:18 of 3rd period - Chris Higgins is hit by Brad Ference.
19:19 of 3rd period - Icing by Chris Higgins.
19:20 of 3rd period - Chris Drury wins face-off versus Joe Sakic in Wild zone.
Overtime #1
0:01 of 1st overtime period - Chris Drury wins face-off versus Joe Sakic in neutral zone.
0:21 of 1st overtime period - Penalty to Alexei Kovalev is over, Alexei Kovalev is back on ice.
0:21 of 1st overtime period - Penalty to Stephane Robidas is over, Stephane Robidas is back on ice.
0:39 of 1st overtime period - Scott Gomez is hit by Alexei Kovalev and loses puck.
0:48 of 1st overtime period - Wrist shot by Alexei Kovalev.
0:48 of 1st overtime period - Shot Misses the Net.
0:50 of 1st overtime period - Slapshot by Nathan Dempsey.
0:50 of 1st overtime period - Shot Blocked by Christian Ehrhoff.
2:09 of 1st overtime period - Wrist shot by Rod Brind'Amour.
2:09 of 1st overtime period - Goal by Rod Brind'Amour - Blackhawks : 2 - Wild : 3.
Output by the SimonT Hockey Simulator (STHS) for François Prévost -- Original Page W3C XHTML 1.0 Valid